[Event "Late-Titled-Tuesday-Blitz-March-12-2024"]
[Site "Chess.com"]
[Date "2024.03.12"]
[Round "1"]
[White "Eliteplayer3"]
[Black "noblerone"]
[Result "1-0"]
[WhiteElo "2265"]
[BlackElo "2589"]
[TimeControl "180+1"]
[EndTime "14:08:52 PDT"]
[Termination "Eliteplayer3 won on time"]

1. e4 c5 2. Nf3 e6 3. d4 cxd4 4.
Nxd4 Qb6 5. Nb3 Qc7 6. Nc3 a6 7. g3 b5 8. Bg2 Bb7 9. O-O d6 10. Re1 Be7 11. Bf4 Nd7 12. Qd2 Ne5 13. Rad1 Nf6 14. Bxe5 dxe5 15. Qg5 O-O 16. Qe3 Rac8 17. Rd2 b4 18. Na4 Rcd8 19. Red1 Rxd2 20. Rxd2 h6 21. h3 Nh5 22. Qb6 Qxb6 23. Nxb6 Nf6 24. Na5 Bxe4 25.
Nd7 Nxd7 26. Bxe4 Nc5 27. Bg2 Rd8 28. Rxd8+ Bxd8 29. Nc6 Bc7 30. Nxb4 a5 31. Nc6 Kf8 32.
Na7 Ke7 33. Nb5 Bd8 34. Nc3 f5 35. Kf1 e4 36. Ke2 Kd6 37. a3 Bf6 38. Kd2 Kc6 39. Nd1 Na4 40. b3 Nb6 41. c4 Nd7 42. Nc3 Nc5 43. b4 axb4 44. axb4 Nd3 45. b5+ Kc5 46. Na4+ Kxc4 47. b6 Be5 48. b7 Nxf2 49. Nb6+ Kb5 50. Nd7 Bd6 51. b8=Q+ Bxb8 52. Nxb8 Kc5 53. Nd7+ Kd6 54.
Nf8 Nd3 55. Ng6 Nc5 56. Nf4 Ke5 57. Nh5 g6 58. Ng7 Kf6 59. Ne8+ Ke7 60. Nc7 Kd6 61.
Nb5+ Ke5 62. Ke3 g5 63. Nc3 f4+ 64. Kf2 e3+ 65. Kf3 Nb3 66. gxf4+ gxf4 67. Ne2 Nd2+ 68. Kg4 f3 69. Bxf3 Kf6 70. Bg2 Nc4 71. Kf4 e5+ 72. Ke4 Kg5 73. Kd3 Nd6 74. Kxe3 Kh4 75. Kf3 e4+ 76.
Ke3 Kg5 77. Bxe4 1-0

[Event "Late-Titled-Tuesday-Blitz-March-12-2024"]
[Site "Chess.com"]
[Date "2024.03.12"]
[Round "1"]
[White "Byniolus"]
[Black "kylelancman"]
[Result "0-1"]
[WhiteElo "2803"]
[BlackElo "2486"]
[TimeControl "180+1"]
[EndTime "14:08:54 PDT"]
[Termination "kylelancman won by resignation"]

1. d4 d5 2. Nf3 Nf6 3. Bf4 e6 4. Nbd2 c5 5. c3 Bd6 6. Bg3 O-O 7. e3 b6 8. Ne5 Bb7 9. f4 Nc6 10. Bd3 Ne7 11. Qb1 Ng6 12. O-O a5 13. a4 Ba6 14.
Bxa6 Rxa6 15. Qd3 Ra8 16. Qb5 Qc7 17. h3 Ne7 18. Bh4 Ne4 19. Nxe4 dxe4 20. Bxe7 Qxe7 21.
Nc4 cxd4 22. cxd4 Rab8 23. Rac1 Bb4 24. Rc2 Qb7 25. Rfc1 f6 26. f5 exf5 27. Qxf5 Rfd8 28. Na3 Bxa3 29. bxa3 Qd5 30. Qg4 f5 31. Qg5 h6 32.
Qg3 Qd6 33. Qf2 Rf8 34. Rc3 Rb7 35. Kh1 f4 36. exf4 Qxf4 37. Qe2 Rd7 38. Rd1 Rfd8 39. Qc4+ Qf7 40. Qxf7+ Kxf7 41. Rc4 Rd5 42. Rb1 R8d6 43.
Rb3 Rxd4 44. Rxd4 Rxd4 45. Rxb6 Rxa4 46. Rb3 Ke6 47. Kg1 Kd5 48. Kf2 Kd4 49. Rg3 g5 50. Rb3 Rc4 51. Rb6 Rc2+ 52. Kg1 Rc3 53. Rxh6 Rxa3 54.
Rg6 e3 55. Kf1 Ra1+ 56. Ke2 Ra2+ 57. Kf3 Rf2+ 58. Kg3 Rf5 59. Rd6+ Rd5 60. Rb6 e2 61. Kf2 Kd3 62. Rb3+ Kc2 63. Re3 a4 64. Rxe2+ Kb3 65. Kg1 a3 66. Re3+ Kb2 67. Re2+ Kc3 68. Re3+ Rd3 69.
Re5 a2 70. Ra5 Kb2 71. Kh2 Ra3 72. Rb5+ Kc2 73. Rc5+ Kd2 74. Rd5+ Ke2 75. Re5+ Kd3 76. Re1 a1=Q 77. Rxa1 Rxa1 78. Kg3 Ra2 79. Kf3 Kd4 80. g3 Ke5 81. Kg4 Kf6 82. Kh5 Ra3 0-1

[Event "Late-Titled-Tuesday-Blitz-March-12-2024"]
[Site "Chess.com"]
[Date "2024.03.12"]
[Round "1"]
[White "alexrustemov"]
[Black "sjoerd893"]
[Result "1-0"]
[WhiteElo "2855"]
[BlackElo "2486"]
[TimeControl "180+1"]
[EndTime "14:08:58 PDT"]
[Termination "alexrustemov won on time"]

1. d4 d5 2. c4 c6 3. Nc3 Nf6 4. e3 e6 5. Nf3 Nbd7 6. Qc2 Bd6 7. Bd2 O-O 8. O-O-O a5 9. e4 dxe4 10. Nxe4 Nxe4 11. Qxe4 Nf6 12. Qh4 a4 13. a3 b5 14. c5 Be7 15. Bd3 b4 16. Bxb4 Ba6 17. Bc2 Be2 18. Ne5 Bxd1 19. Nxc6 Bxc2 20. Nxd8 Be4 21.
f3 Bd5 22. Nb7 Bxb7 23. c6 Bxb4 24. cxb7 Rab8 25. axb4 Rxb7 26. Rd1 Nd5 27. Rd3 Rxb4 28. Qf2 Rc8+ 29. Kb1 Rcb8 30. Ka2 g6 31. Qd2 R4b5 32. Ra3 Rb4 33. g3 h5 34. h3 Kh7 35. g4 hxg4 36. fxg4 Rxb2+ 37. Qxb2 Rxb2+ 38. Kxb2 Nf4 39. Rf3 g5 40. h4 Kg6 41. h5+ Kh6 42. Ka3 f5 43. gxf5 exf5 44. Kxa4 Kxh5 45. Kb5 Ne2 46. Kc5 f4 47. d5 g4 48. Rf2 f3 49. d6 Nf4 50.
d7 g3 51. Rxf3 g2 52. Rxf4 g1=Q+ 53. Rd4 Qc1+ 54. Kd6 Qh6+ 55. Kc7 Qc1+ 56. Kd6 Qh6+ 57. Kc5 Qf8+ 58. Kc6 Qf6+ 59. Rd6 Qc3+ 60. Kb7 Qb4+ 61. Rb6 Qe4+ 62. Rc6 Qb4+ 63. Kc7 Qf4+ 64. Kc8 Qf8+ 65.
d8=Q Qf5+ 66. Qd7 Qf8+ 67. Kb7 Qb4+ 68. Rb6 Qe4+ 69. Qc6 Qe7+ 70. Ka6 Qa3+ 71. Kb7 Qe7+ 72. Qc7 Qe4+ 73. Kb8 Qe8+ 74. Qc8 Qe5+ 75. Ka7 Qa5+ 76.
Qa6 Qg5 77. Rb5 1-0

[Event "Late-Titled-Tuesday-Blitz-March-12-2024"]
[Site "Chess.com"]
[Date "2024.03.12"]
[Round "1"]
[White "David_ATM"]
[Black "IMRosen"]
[Result "1-0"]
[WhiteElo "2390"]
[BlackElo "2687"]
[TimeControl "180+1"]
[EndTime "14:09:00 PDT"]
[Termination "David_ATM won by checkmate"]

1. e4 c5 2. c3 d5 3. exd5 Qxd5 4. d4 Nf6 5. Nf3 e6 6. Be2 Nc6 7. Na3 cxd4 8. Nb5 Qd8 9. Nbxd4 Nxd4 10. Qxd4 Qxd4 11.
Nxd4 Bc5 12. Nc2 Ke7 13. Be3 Bxe3 14. Nxe3 Bd7 15. Bf3 Rab8 16. O-O Rhc8 17. Rfd1 Bc6 18. Bxc6 Rxc6 19. f3 b5 20. a3 a5 21. Rd4 g6 22.
Kf2 Rcb6 23. g4 h6 24. h4 Nd7 25. Re1 R6b7 26. Kg3 Nf6 27. Red1 b4 28. axb4 axb4 29.
c4 Nd7 30. g5 Rh8 31. Ng4 h5 32. Nf2 Ra8 33. Ne4 b3 34. Nd6 Rc7 35. Nb5 Rb7 36. Nd6 Rb6 37. Nf5+ exf5 38. Rxd7+ Kf8 39. Rd8+ Rxd8 40. Rxd8+ Ke7 41. Rd3 Rb4 42. Rc3 Kd6 43. Kf4 Kc5 44. Ke5 Rxc4 45. Rxb3 Rxh4 46. Kf6 Rf4 47.
Kxf7 h4 48. Kxg6 h3 49. Rc3+ Kd4 50. Rc1 Rxf3 51. b4 f4 52. b5 Rb3 53. Rh1 Rxb5 54.
Rxh3 Ke4 55. Kh7 Rb7+ 56. Kh6 f3 57. g6 f2 58. Rh1 Rb3 59. g7 Rh3+ 60. Rxh3 f1=Q 61.
Rh4+ Kf5 62. g8=Q Qc1+ 63. Kh7 Qc7+ 64. Qg7 Qf4 65. Rh6 Qe4 66. Qg6+ Kf4 67. Qxe4+ Kxe4 68. Kg7 Kf5 69. Kf7 Ke5 70. Rg6 Kf5 71. Rf6+ Ke5 72.
Ra6 Kd5 73. Ke7 Kc5 74. Rh6 Kd5 75. Kd7 Ke5 76. Ra6 Kd5 77. Ra5+ Kc4 78. Rh5 Kd4 79.
Ke6 Ke4 80. Rh4+ Kf3 81. Ra4 Kg3 82. Ke5 Kf3 83. Rb4 Kg3 84. Kf5 Kf2 85. Rb3 Ke2 86. Ke4 Kd2 87. Rh3 Kc2 88. Kd4 Kb2 89. Kc4 Ka2 90. Kb4 Kb2 91. Rh2+ Kc1 92. Kc3 Kd1 93.
Ra2 Ke1 94. Kd3 Kf1 95. Ke3 Ke1 96. Ra1# 1-0

[Event "Late-Titled-Tuesday-Blitz-March-12-2024"]
[Site "Chess.com"]
[Date "2024.03.12"]
[Round "1"]
[White "Casablanca"]
[Black "rasmussvane"]
[Result "1/2-1/2"]
[WhiteElo "2541"]
[BlackElo "2948"]
[TimeControl "180+1"]
[EndTime "14:09:01 PDT"]
[Termination "Game drawn by stalemate"]

1. d4 d5 2. c4 e6 3. Nc3 h6 4. Nf3 a6 5. e3 Nf6 6. a3 dxc4 7. Bxc4 b5 8. Be2 Bb7 9. O-O Nbd7 10. b4 Bd6 11. Bb2 O-O 12. Qb3 e5 13.
Rfd1 Qe7 14. h3 Rfe8 15. Rac1 exd4 16. Nxd4 g6 17. Bf3 Bxf3 18. Nxf3 Nb6 19. Nb1 Ne4 20.
Nbd2 Nxd2 21. Nxd2 Rad8 22. Bd4 Be5 23. Bxb6 cxb6 24.
Nf3 Bf6 25. Rc6 Rxd1+ 26. Qxd1 Rd8 27. Qc2 Rd6 28. Rxd6 Qxd6 29. Qc8+ Kg7 30. Qxa6 Qc6 31. Nd4 Qc1+ 32. Kh2 Qd2 33. Qxb5 Qxf2 34. Qe2 Be5+ 35. Kh1 Qf6 36. Nf3 Bd6 37. Qd1 Kg8 38. Qd4 Qd8 39.
e4 Qc7 40. e5 Be7 41. Qe4 b5 42. e6 Bf6 43. exf7+ Kxf7 44. Qd5+ Kg7 45. Qxb5 Qc1+ 46.
Kh2 Qc7+ 47. Kg1 Qc1+ 48. Kf2 Qb2+ 49. Kg3 Qxa3 50. Qd7+ Kf8 51. b5 Be5+ 52. Kf2 Qb2+ 53. Ke3 Bf6 54. Qc8+ Ke7 55. Qc5+ Kf7 56. Qc4+ Ke7 57.
Qe2 Qc3+ 58. Kf2+ Kf7 59. g4 Qc5+ 60. Kg2 h5 61. Qd3 hxg4 62. hxg4 Qb4 63. Qd5+ Ke7 64. g5 Bg7 65. Qc6 Qg4+ 66. Kf2 Qf5 67. Qc7+ Kf8 68. Qd8+ Kf7 69. Qc7+ Kg8 70. Qc4+ Kh7 71. Qh4+ Kg8 72. Qc4+ Kh7 73. b6 Qd7 74. Qh4+ Kg8 75. Qc4+ Kh7 76. Qc7 Qd5 77. b7 Qa2+ 78. Kg3 Qe2 79. b8=Q Qg2+ 80. Kf4 Qxf3+ 81. Kxf3 1/2-1/2

[Event "Late-Titled-Tuesday-Blitz-March-12-2024"]
[Site "Chess.com"]
[Date "2024.03.12"]
[Round "1"]
[White "YegoryoCh"]
[Black "MatthewG-p4p"]
[Result "0-1"]
[WhiteElo "2518"]
[BlackElo "2905"]
[TimeControl "180+1"]
[EndTime "14:09:03 PDT"]
[Termination "MatthewG-p4p won on time"]

1. e4 e6 2. d4 d5 3. e5 c5 4. c3 Qb6 5. Nf3 Nc6 6. Bd3 cxd4 7. O-O Bd7 8. Re1 Rc8 9. Nbd2 dxc3 10. bxc3 Na5 11. Rb1 Qc7 12. Bb2 Bc5 13. Nb3 Bb6 14.
Nxa5 Bxa5 15. Qb3 Ne7 16. Rec1 O-O 17. Ba3 Bc6 18. Nd4 Rfe8 19. Bd6 Qd7 20. c4 dxc4 21. Bxc4 Bb6 22. Nxe6 Ba4 23. Qh3 Rxc4 24. Rxc4 fxe6 25.
Rh4 Bc2 26. Rc1 Bf5 27. Qa3 Nd5 28. Rhc4 Bg6 29. g3 Qf7 30. Qb2 Bd3 31. Rc8 h5 32. Qd2 Be4 33. Qe2 Bg6 34. h4 Kh7 35. Rxe8 Qxe8 36. Bc5 Qf7 37. Bxb6 axb6 38. Rc8 Qf5 39. Rb8 Nc3 40. Qe3 Nd5 41. Qe2 Qb1+ 42. Kh2 Nc3 43. Qf3 Nxa2 44. Rxb7 Qf5 45. Qxf5 Bxf5 46. Rxb6 Nc3 47.
Rb4 Kg6 48. f3 Nd5 49. Rd4 Ne3 50. Kg1 Bc2 51. Kf2 Nf5 52. Rc4 Bb3 53. Rc6 Bd5 54. Rb6 Nd4 55. f4 Nf5 56. Ra6 Nh6 57. Ra7 Ng4+ 58. Ke2 Bc4+ 59. Kf3 Bd5+ 60. Ke2 Kh7 61. Re7 Nh6 62. Ra7 Nf5 63. Kf2 Nd4 64. Rd7 Nc6 65.
Rc7 Nb4 66. Ra7 Kg6 67. Rc7 Na6 68. Ra7 Nc5 69. Rc7 Ne4+ 70. Ke3 Nxg3 71. Rd7 Nf5+ 72. Kf2 Nxh4 73. Kg3 Nf5+ 74. Kh3 Nd4 75. Rc7 Ne2 76. Rxg7+ Kxg7 0-1

[Event "Late-Titled-Tuesday-Blitz-March-12-2024"]
[Site "Chess.com"]
[Date "2024.03.12"]
[Round "1"]
[White "waltereador"]
[Black "Malev212"]
[Result "1-0"]
[WhiteElo "2331"]
[BlackElo "2639"]
[TimeControl "180+1"]
[EndTime "14:09:11 PDT"]
[Termination "waltereador won on time"]

1. e4 c5 2. Nf3 d6 3. Bb5+ Bd7 4. Bxd7+ Nxd7 5. c4 Ngf6 6. Nc3 g6 7. O-O Rc8 8. b3 Bg7 9. Re1 O-O 10. Bb2 e5 11. d3 a6 12. Nd2 Ne8 13. Nf1 Nc7 14. Ne3 Ne6 15. Ncd5 f5 16. f3 b5 17. a4 bxc4 18. bxc4 Kh8 19. Bc3 Nd4 20. Rb1 f4 21. Ng4 h5 22. Nf2 Rb8 23. Qd2 Nf6 24. Bxd4 cxd4 25.
Nh3 Nxd5 26. cxd5 Bf6 27. Rec1 g5 28. Nf2 Qd7 29. h3 Qxa4 30. Ra1 Qb5 31. Qa2 Rfc8 32. Rxc8+ Rxc8 33. Qxa6 Rc1+ 34. Kh2 Qxa6 35. Rxa6 Rf1 36. Nh1 Be7 37. Ra7 Bf8 38. g3 Rd1 39. gxf4 Rd2+ 40. Kg1 gxf4 41. Ra3 Kg8 42. Nf2 Be7 43. Ra8+ Kf7 44. Ra7 Ke8 45. Ra8+ Kd7 46. Ra7+ Kd8 47. Ra8+ Kd7 48. Ra7+ Ke8 49. Ra8+ Bd8 50. Kf1 Ke7 51.
Ke1 Rb2 52. Ra7+ Kf6 53. Ra8 Bb6 54. Ra6 Bc5 55. Nd1 Rh2 56. Nf2 Rg2 57. Kf1 Rg8 58. Ra1 Rb8 59. Rc1 Kg5 60. Rc2 Kh4 61. Kg2 Rg8+ 62.
Kf1 Rg3 63. Ke2 Rg1 64. Rd2 Kg3 65. Rd1 Rxd1 66. Nxd1 Kxh3 67. Kf2 Kh4 68. Kg2 Ba3 69. Kh2 Bc1 70. Kg2 Kg5 71. Kh3 h4 72. Nf2 Bd2 73.
Nd1 Be1 74. Nb2 Kf6 75. Nc4 Ke7 76. Kg4 Kd7 77. Na5 Kc7 78. Nc6 Kb6 79. Ne7 Kc5 80. Nf5 Kb4 81. Nxd6 Kc3 82. Nf7 Kxd3 83. Nxe5+ Ke3 84.
d6 d3 85. Nc4+ Ke2 86. d7 h3 87. d8=Q h2 88. Qh8 Bg3 89. Qh3 d2 90. Qg2+ 1-0

[Event "Late-Titled-Tuesday-Blitz-March-12-2024"]
[Site "Chess.com"]
[Date "2024.03.12"]
[Round "1"]
[White "falzehope0"]
[Black "KNVB"]
[Result "0-1"]
[WhiteElo "2448"]
[BlackElo "2796"]
[TimeControl "180+1"]
[EndTime "14:09:18 PDT"]
[Termination "KNVB won by resignation"]

1. d4 e5 2. e3 Nc6 3. f4 exf4 4. exf4 g6 5. Nf3 Bg7 6. c3 d6 7. Bd3 Nf6 8. O-O O-O 9. f5 Ne7 10. Nh4 c5 11. dxc5 dxc5 12. Qc2 c4 13. Bxc4 Nxf5 14.
Nf3 Ng4 15. Qb3 Nfe3 16. Bxe3 Nxe3 17. Re1 Nxc4 18. Qxc4 Qb6+ 19. Kh1 Qxb2 20. Nbd2 Qxc3 21. Qf1 Bf5 22. Rac1 Qd3 23. Qf2 Rae8 24. Red1 Qe3 25. Qg3 Be5 26. Qh4 Qf4 27. Qf2 Bb8 28. Qc5 b6 29. Qf2 Re7 30. Qg1 Qe3 31. Qf1 Bd3 32. Qg1 Qxg1+ 33. Kxg1 Be2 34. Re1 Rfe8 35. Nd4 Bd6 36.
N2b3 Ba6 37. Rxe7 Rxe7 38. Nc6 Rc7 39. Kf2 Bb7 40. Ncd4 Rxc1 41. Nxc1 Bc5 42. Nb3 Bd5 43. Nxc5 bxc5 44. Nb5 Bxa2 45. Nc3 Bc4 46. g3 Be6 47. Ke3 Kf8 48. Ke4 Ke7 49. Ke5 f6+ 50. Ke4 Kd6 51.
Kd3 Bf5+ 52. Kc4 Kc6 53. Kb3 Be6+ 54. Ka4 f5 55. Ka5 g5 56. h4 gxh4 57. gxh4 f4 58.
Ne4 f3 59. Nf2 Kd5 60. Ka4 Kd4 61. Kb5 c4 62. Kb4 Ke3 63. Nd1+ Kd2 64. Nf2 Ke1 65. Ne4 f2 66. Nxf2 Kxf2 67. Kc3 Kg3 68. Kd2 Kxh4 69. Ke3 Kg5 70. Kd4 h5 71. Ke3 h4 72. Kf3 Kf5 73. Ke3 Ke5 74. Kd2 Kd4 75. Kc2 a5 76. Kd2 a4 77. Kc2 h3 78. Kb2 h2 79.
Kc2 Bd7 80. Kd2 h1=B 81. Kc2 Bhc6 82. Kb2 Kc5 83. Kc2 Kb4 84. Kb2 a3+ 85. Kc2 Bf5+ 86.
Kc1 Kb3 87. Kd2 Bfe4 88. Ke3 c3 89. Ke2 a2 90. Ke3 a1=B 91. Kd4 Bb2 92. Ke3 Kc2 93. Ke2 Kb1 94. Ke3 c2 95. Ke2 Bd4 96. Ke1 c1=B 97. Ke2 Bf4 98. Kd1 Bd3 99. Ke1 Bfe3 100. Kd1 Ka2 101. Ke1 Kb3 102. Kd1 Kc3 103. Ke1 Be5 104. Kd1 Bd7 105. Ke1 Bg3+ 0-1

[Event "Late-Titled-Tuesday-Blitz-March-12-2024"]
[Site "Chess.com"]
[Date "2024.03.12"]
[Round "1"]
[White "joksijoksi"]
[Black "Resignify"]
[Result "1/2-1/2"]
[WhiteElo "2605"]
[BlackElo "2243"]
[TimeControl "180+1"]
[EndTime "14:09:19 PDT"]
[Termination "Game drawn by 50-move rule"]

1. d4 Nf6 2. c4 e6 3. Nf3 b6 4. g3 Bb7 5. Bg2 Be7 6. O-O O-O 7. Nc3 d5 8. cxd5 Nxd5 9. Re1 Nd7 10. e4 Nxc3 11.
bxc3 Re8 12. Bb2 Nf6 13. Ne5 Nd7 14. f4 Nxe5 15. fxe5 Bg5 16. Kh1 Qd7 17. h4 Be7 18.
Qg4 Kh8 19. Rf1 Rf8 20. h5 c5 21. Rad1 cxd4 22. cxd4 Rac8 23. d5 Rc2 24. Ba1 Ba6 25. dxe6 Qxe6 26. Qxe6 fxe6 27. Rxf8+ Bxf8 28. Rd8 Kg8 29.
Bd4 Bb5 30. Bh3 Kf7 31. Ra8 Rxa2 32. Bxb6 Bc6 33. Rxa7+ Rxa7 34. Bxa7 Bxe4+ 35. Kg1 Bf3 36. g4 g6 37. Kf2 Be4 38. Ke3 Bb1 39. Kf4 Bh6+ 40. g5 Bg7 41. h6 Bf8 42. Bb6 Be7 43. Be3 Bc2 44. Bg4 Bb1 45. Bf3 Bc2 46. Bb6 Bd3 47. Bc7 Bc2 48. Bd6 Bd8 49. Be2 Bb1 50.
Bb5 Bc2 51. Bc4 Bb1 52. Bb3 Bd3 53. Bc5 Bf5 54. Be3 Bd3 55. Kf3 Bb1 56. Ke2 Be7 57. Bf4 Be4 58. Ke3 Bc6 59. Kd4 Bf3 60. Ba4 Be2 61.
Bd7 Bf3 62. Kc4 Be4 63. Kb5 Bf3 64. Kb6 Be4 65. Kc7 Bf3 66. Bb5 Be4 67. Bc4 Bf5 68. Kd7 Bg4 69. Be3 Bf5 70. Be2 Bh3 71. Bd3 Bg4 72.
Be4 Bh3 73. Bf3 Bf5 74. Kc6 Bh3 75. Kb5 Bf5 76. Kc4 Bh3 77. Kd3 Bf5+ 78. Kd2 Bh3 79.
Be4 Bg4 80. Ke1 Bh3 81. Kf2 Bg4 82. Bc2 Bh5 83. Bd3 Bg4 84. Kg3 Bd1 85. Bf1 Bb3 86. Bg2 Bc2 87. Kf4 Bb3 88. Bd2 Bc2 89. Ba5 Bb1 90.
Bc7 Bc2 91. Bd6 1/2-1/2

[Event "Late-Titled-Tuesday-Blitz-March-12-2024"]
[Site "Chess.com"]
[Date "2024.03.12"]
[Round "1"]
[White "masnyszachistaaa"]
[Black "Durarbayli"]
[Result "1/2-1/2"]
[WhiteElo "2550"]
[BlackElo "2995"]
[TimeControl "180+1"]
[EndTime "14:09:40 PDT"]
[Termination "Game drawn by repetition"]

1. d4 Nf6 2. c4 e6 3. Nf3 b6 4. a3 Bb7 5. Nc3 d5 6. cxd5 Nxd5 7. Qc2 Be7 8. e4 Nxc3 9. bxc3 O-O 10. Bd3 c5 11.
O-O Qc7 12. Qe2 Rd8 13. Be3 Nc6 14. dxc5 Bxc5 15. Bxc5 bxc5 16. Ba6 Bxa6 17. Qxa6 Rab8 18. Qc4 Na5 19. Qa4 Rb3 20. Rfc1 Qb6 21. Ne5 h6 22. h3 a6 23. Nc4 Nxc4 24. Qxc4 Rb2 25. Rd1 Rdd2 26.
Rxd2 Rxd2 27. Qa4 g6 28. Rd1 Rxd1+ 29. Qxd1 Qb2 30. Qd8+ Kg7 31. Qa5 c4 32. Qe5+ Kg8 33. Qa5 Qc1+ 34. Kh2 Qf4+ 35. Kg1 Qxe4 36. Qb4 Qe1+ 37.
Kh2 Qe5+ 38. Kg1 Qd5 39. a4 a5 40. Qb8+ Kg7 41. Qg3 Qd1+ 42. Kh2 Qxa4 43. Qe5+ Kg8 44. Qb8+ Kh7 45. Qc7 Kg7 46. Qe5+ Kf8 47. Qb8+ Ke7 48. Qc7+ Ke8 49. Qc8+ Ke7 50. Qc7+ Qd7 51. Qxa5 Qd5 52. Qc7+ Kf6 53. Qf4+ Kg7 54. Qe3 g5 55. g3 Kf6 56.
Kg1 Kg7 57. Qe1 e5 58. Qe3 Kg6 59. g4 Kg7 60. Kh2 e4 61. Kg1 Qd3 62. Qe1 Kf6 63. Kg2 Ke5 64. Kg1 Kf4 65. Kg2 Qf3+ 66. Kh2 e3 67.
fxe3+ Qxe3 68. Qf1+ Ke5 69. Qxc4 Qf2+ 70. Kh1 Qf3+ 71.
Kh2 Qf2+ 72. Kh1 Qg3 73. Qd4+ Ke6 74. Qe4+ Kf6 75. Qd4+ Kg6 76. Qe4+ Kg7 77. Qd4+ Kg8 78. Qd8+ Kh7 79. Qd7 Qxh3+ 80. Kg1 Qg3+ 81. Kh1 Qf3+ 82. Kh2 Qf4+ 83. Kh3 Qf3+ 84. Kh2 Qf2+ 85. Kh3 Qf1+ 86. Kh2 Qe2+ 87. Kh3 Qe3+ 88. Kg2 Kg7 89. Qc7 Qe2+ 90.
Kg3 Qd3+ 91. Kg2 Qd2+ 92. Kg3 Qe1+ 93. Kg2 h5 94. gxh5 Qe2+ 95. Kg3 Qxh5 96. Qe5+ Kh6 97. Qh8+ Kg6 98. Qg8+ Kf6 99. Qd8+ Kg7 100. Qd4+ f6 101. Qd7+ Kg6 102. Qe8+ Kh6 103. Qh8+ Kg6 104. Qe8+ Kh6 105. Qh8+ Kg6 106. Qe8+ 1/2-1/2

[Event "Late-Titled-Tuesday-Blitz-March-12-2024"]
[Site "Chess.com"]
[Date "2024.03.12"]
[Round "1"]
[White "biostatistician"]
[Black "sergiochess83"]
[Result "1/2-1/2"]
[WhiteElo "2522"]
[BlackElo "2888"]
[TimeControl "180+1"]
[EndTime "14:09:40 PDT"]
[Termination "Game drawn - insufficient material"]

1. d4 Nf6 2. Nf3 d5 3. c4 e6 4.
Nc3 c5 5. cxd5 Nxd5 6. e4 Nxc3 7. bxc3 cxd4 8. cxd4 Bb4+ 9. Bd2 Bxd2+ 10. Qxd2 O-O 11. Bc4 Nd7 12. O-O b6 13. Rfe1 Bb7 14.
Rad1 Rc8 15. Bd3 h6 16. Qf4 Qf6 17. Qe3 Qe7 18. Rc1 Nf6 19. Ne5 Rfd8 20. f3 Qb4 21.
Rxc8 Rxc8 22. Bf1 Rc2 23. Nd3 Qa5 24. d5 exd5 25. e5 d4 26. Qxd4 Nd5 27. a4 Qc3 28. Qg4 Bc8 29. e6 fxe6 30. Rxe6 Nf6 31. Qf5 Qd4+ 32.
Kh1 Bxe6 33. Qxe6+ Kh8 34. h3 Qd7 35. Qe5 Rc8 36. Nf4 Rc1 37. Kg1 Rd1 38. Ng6+ Kg8 39. Ne7+ Kf7 40. Nf5 Kg8 41. Ne7+ Kf7 42. Nf5 Kf8 43.
Kf2 Kg8 44. Bc4+ Kh7 45. Kg3 Rd2 46. Ne7 Nh5+ 47. Kh4 Nf6 48. Bd3+ Rxd3 49. Nf5 Rd4+ 50. Nxd4 Qd5 51. Qxd5 Nxd5 52. Nb5 a5 53. Nd6 Nc3 54. Nc4 Nxa4 55. f4 Nc3 56. Nxb6 a4 57. Nc4 a3 58.
Nxa3 Ne2 59. Kg4 g6 60. Kf3 Nd4+ 61. Ke4 Ne6 62. g4 Kg7 63. Nc4 Kf6 64. Ne5 g5 65. Nd3 gxf4 66. Nxf4 Ng5+ 67. Ke3 Nf7 68. h4 Ne5 69.
Nh5+ Kg6 70. Kf4 Nd3+ 71. Kg3 Ne5 72. Nf4+ Kf6 73. Nd5+ Ke6 74. Ne3 Kf6 75. Kf4 Ng6+ 76. Kg3 Ne5 77. Ng2 Nc4 78. Nf4 Ne3 79. Kf3 Nc4 80. Ke4 Nd2+ 81. Ke3 Nc4+ 82. Kf3 Nd2+ 83. Kg3 Ne4+ 84. Kh3 Nd2 85. Nd3 Ne4 86. Kg2 Nd2 87. Kg3 Ne4+ 88. Kf4 Nc3 89. Ne5 Nd5+ 90. Ke4 Nc3+ 91.
Kd4 Ne2+ 92. Ke4 Nc3+ 93. Kf4 Ne2+ 94. Ke3 Kxe5 95. Kxe2 Kf4 96. g5 hxg5 97. hxg5 Kxg5 1/2-1/2

[Event "Late-Titled-Tuesday-Blitz-March-12-2024"]
[Site "Chess.com"]
[Date "2024.03.12"]
[Round "2"]
[White "steepedgames"]
[Black "cristiano78"]
[Result "1-0"]
[WhiteElo "2535"]
[BlackElo "2287"]
[TimeControl "180+1"]
[EndTime "14:12:21 PDT"]
[Termination "steepedgames won by resignation"]

1. d4 Nf6 2. Bg5 c5 3. Bxf6 gxf6 4. d5 Qb6 5. Qc1 Bh6 6. e3 d6 7. Nd2 Bf5 8. Nc4 Qc7 9. a4 Nd7 10.
Ne2 Ne5 11. Ng3 Bg6 12. h4 Nxc4 13. Bxc4 1-0

[Event "Late-Titled-Tuesday-Blitz-March-12-2024"]
[Site "Chess.com"]
[Date "2024.03.12"]
[Round "2"]
[White "Perecke"]
[Black "Zohid6"]
[Result "0-1"]
[WhiteElo "2601"]
[BlackElo "2882"]
[TimeControl "180+1"]
[EndTime "14:12:24 PDT"]
[Termination "Zohid6 won by resignation"]

1. e4 e5 2. Nf3 Nf6 3. Nxe5 d6 4. Nf3 Nxe4 5. Nc3 Nxc3 6. dxc3 Be7 7. Bf4 O-O 8. Qd2 Nd7 9. O-O-O Nc5 10. h3 Re8 11. g4 Bf8 12. Bd3 Qd7 13. Kb1 Qa4 14. b3 Qa3 15. Ng5 h6 16. Nf3 Be6 17. g5 Na4 0-1

[Event "Late-Titled-Tuesday-Blitz-March-12-2024"]
[Site "Chess.com"]
[Date "2024.03.12"]
[Round "2"]
[White "Boundless_Strike"]
[Black "semchik73"]
[Result "1-0"]
[WhiteElo "2606"]
[BlackElo "2409"]
[TimeControl "180+1"]
[EndTime "14:12:24 PDT"]
[Termination "Boundless_Strike won by resignation"]

1. d4 d5 2. e4 dxe4 3. Nc3 Nf6 4.
f3 e5 5. dxe5 Qxd1+ 6. Kxd1 Nfd7 7. Nd5 Kd8 8. Bg5+ f6 9. exf6 gxf6 10. Nxf6 Be7 11. Nxe4 Bxg5 12. Nxg5 Ne5 13. Kd2 h6 14. Ne4 Nbc6 15. Re1 Bf5 16. Ng3 Bg6 17. N1e2 Ke7 18. Nf4 Rad8+ 19. Kc1 Bh7 20. Nd3 Kd6 21.
Nxe5 Nxe5 22. f4 Ng4 23. Be2 Ne3 24. Bf3 Nxc2 25. Ne4+ Bxe4 26. Rxe4 1-0

[Event "Late-Titled-Tuesday-Blitz-March-12-2024"]
[Site "Chess.com"]
[Date "2024.03.12"]
[Round "2"]
[White "Franmu14"]
[Black "HansOnTwitch"]
[Result "0-1"]
[WhiteElo "2709"]
[BlackElo "3108"]
[TimeControl "180+1"]
[EndTime "14:12:42 PDT"]
[Termination "HansOnTwitch won by resignation"]

1. e4 c6 2. c4 e5 3. Nf3 d6 4. Nc3 Bg4 5. h3 Bxf3 6. Qxf3 g6 7. g4 Nd7 8. b3 Nc5 9. h4 Be7 10. h5 Bg5 11. hxg6 fxg6 12. Bb2 Nf6 13. O-O-O a5 14. Kb1 a4 15. d4 exd4 16. Rxd4 axb3 17. e5 bxa2+ 18. Ka1 0-1

[Event "Late-Titled-Tuesday-Blitz-March-12-2024"]
[Site "Chess.com"]
[Date "2024.03.12"]
[Round "2"]
[White "Lennis93"]
[Black "carloseduar100"]
[Result "1-0"]
[WhiteElo "2689"]
[BlackElo "2308"]
[TimeControl "180+1"]
[EndTime "14:13:01 PDT"]
[Termination "Lennis93 won by resignation"]

1. a3 d5 2. Nf3 c6 3. b4 Nf6 4. e3 Bg4 5. Bb2 Nbd7 6. h3 Bh5 7.
g4 Bg6 8. Bg2 Ne4 9. d3 Nd6 10.
Nh4 e5 11. Nxg6 hxg6 12. Nd2 Be7 13. c4 dxc4 14. dxc4 Bf6 15. c5 Nb5 16. Ne4 O-O 17. h4 Bxh4 18. Rxh4 Qxh4 19. Qxd7 Qxg4 20. Qxg4 1-0

[Event "Late-Titled-Tuesday-Blitz-March-12-2024"]
[Site "Chess.com"]
[Date "2024.03.12"]
[Round "2"]
[White "IMRosen"]
[Black "Schattman"]
[Result "1-0"]
[WhiteElo "2690"]
[BlackElo "2435"]
[TimeControl "180+1"]
[EndTime "14:13:08 PDT"]
[Termination "IMRosen won by resignation"]

1. e4 c5 2. Nc3 d6 3. f4 g6 4. Nf3 Bg7 5. Bc4 e6 6. O-O Ne7 7. d4 cxd4 8. Nxd4 a6 9. Bb3 Nbc6 10.
Be3 O-O 11. Kh1 Nxd4 12. Bxd4 Bxd4 13. Qxd4 Nc6 14. Qf2 Na5 15. Rad1 Nxb3 16. axb3 Qe7 17. Qd4 Rd8 18. e5 d5 19. Ne4 f5 20. exf6 Qc7 21. Ng5 e5 22. fxe5 1-0

[Event "Late-Titled-Tuesday-Blitz-March-12-2024"]
[Site "Chess.com"]
[Date "2024.03.12"]
[Round "2"]
[White "Koalaskakistis"]
[Black "NCchamp"]
[Result "1-0"]
[WhiteElo "2532"]
[BlackElo "2270"]
[TimeControl "180+1"]
[EndTime "14:13:18 PDT"]
[Termination "Koalaskakistis won by checkmate"]

1. e4 c6 2. d4 d5 3. Nc3 dxe4 4. Nxe4 Nf6 5. Nxf6+ exf6 6. c3 Bd6 7. Bd3 Na6 8. Ne2 Nc7 9. O-O O-O 10. c4 h5 11.
Ng3 g6 12. Nxh5 gxh5 13. Qxh5 f5 14. Bg5 Be7 15. Bxe7 Qxe7 16. Rfe1 Qf6 17. Re3 Ne6 18. Bxf5 Ng7 19. Qh7# 1-0

[Event "Late-Titled-Tuesday-Blitz-March-12-2024"]
[Site "Chess.com"]
[Date "2024.03.12"]
[Round "2"]
[White "RichardShtivelband"]
[Black "APOKALIPSA13"]
[Result "1-0"]
[WhiteElo "2494"]
[BlackElo "2194"]
[TimeControl "180+1"]
[EndTime "14:13:28 PDT"]
[Termination "RichardShtivelband won by resignation"]

1. d4 d5 2. c4 Nf6 3. cxd5 Nxd5 4. e4 Nb6 5. Nc3 e5 6. d5 Bc5 7. Nf3 O-O 8. h3 f5 9. Bd3 Qe7 10. Qe2 f4 11. Bd2 a6 12. O-O-O Bd6 13. g3 N8d7 14.
Rde1 fxg3 15. fxg3 Nc5 16. Bc2 Bd7 17. Ref1 Rae8 18. Bg5 Qf7 19. Nh4 Be7 20. Be3 Bf6 21. Bxc5 1-0

[Event "Late-Titled-Tuesday-Blitz-March-12-2024"]
[Site "Chess.com"]
[Date "2024.03.12"]
[Round "2"]
[White "Casper"]
[Black "dodorox"]
[Result "0-1"]
[WhiteElo "2470"]
[BlackElo "2159"]
[TimeControl "180+1"]
[EndTime "14:13:42 PDT"]
[Termination "dodorox won by resignation"]

1. e4 e6 2. b3 d5 3. Bb2 dxe4 4.
Nc3 f5 5. d3 exd3 6. Bxd3 Nf6 7. Nf3 Bd6 8. Qe2 O-O 9. O-O-O Qe7 10. Rhe1 Re8 11. Nb5 Nc6 12. Ng5 h6 13. Nxd6 cxd6 14. Nf3 e5 15. Nh4 e4 16. Bc4+ d5 17. Bxd5+ Nxd5 18. Rxd5 Qxh4 0-1